 Dungeon Sprint DCSS version 0.30-a0-305-g026cb31310 (webtiles) character file.

Game seed: 8677436618506222907

93 rocky1 the Insei (level 4, -2/28 HPs)
             Began as an Octopode Transmuter on Oct 23, 2022.
             Slain by an adder (4 damage)
             ... in the Dungeon (Sprint IX: "|||||||||||||||||||||||||||||").
             The game lasted 00:00:21 (141 turns).

rocky1 the Insei (Octopode Transmuter)               Turns: 141, Time: 00:00:21

Health: -2/28      AC:  1    Str: 11    XL:     4   Next: 61%
Magic:  3/9        EV: 14    Int: 15    God:
Gold:   0          SH:  0    Dex: 12    Spells: 9/10 levels left

rFire   . . .      SeeInvis .      - Unarmed
rCold   . . .      Faith    .    (no shield)
rNeg    . . .      Spirit   .    (helmet currently unavailable)
rPois   .          Reflect  .    (no amulet)
rElec   .          Harm     .    (no ring)
rCorr   .          Rampage  .    (no ring)
Will    .....      NoTele   +    (no ring)
Stlth   +++.......               (no ring)
HPRegen 0.24/turn                (no ring)
MPRegen 0.11/turn                (no ring)
                                 (no ring)
                                 (no ring)

@: appendages
A: tentacle spike 3, almost no armour, amphibious, 8 rings, camouflage 1,
gelatinous body 1, (nimble swimmer 1), tentacles
a: End Transformation


You were in the Dungeon.
One of your tentacles had grown a beastly spike.
You visited 1 branch

Inventory:

Scrolls
 g - a scroll of blinking
Potions
 a - a potion of lignification
 b - a potion of curing
 d - a potion of haste
 e - 2 potions of magic
 f - a potion of berserk rage


   Skills:
 + Level 1.0 Fighting
 + Level 3.7 Dodging
 + Level 1.1 Stealth
 + Level 7.0 Unarmed Combat
 + Level 3.7 Spellcasting
 + Level 3.8 Transmutations


You had 9 spell levels left.
You knew the following spells:

 Your Spells              Type           Power      Damage    Failure   Level
a - Beastly Appendage     Tmut           28%        N/A       3%          1

Your spell library contained the following spells:

 Spells                   Type           Power      Damage    Failure   Level
 Wereblood                Tmut           14%        N/A       6%          2
 Spider Form              Tmut/Pois      8%         N/A       26%         3
 Ice Form                 Ice/Tmut       8%         N/A       63%         4


Dungeon Overview and Level Annotations

Branches:
Dungeon (1/1)

Altars:


Innate Abilities, Weirdness & Mutations

One of your tentacles has grown a beastly spike.
You cannot wear most types of armour.
You are amphibious.
You can wear up to eight rings at the same time.
Your skin changes colour to match your surroundings (Stealth+).
Your rubbery body absorbs attacks. (AC +1, EV +1)
((You are camouflaged when in or above water. (Stealth+)))
You have tentacles for arms and can constrict up to eight enemies at once.


Message History

You feel stronger. x2
You have reached level 4!
Casting: Beastly Appendage (safe; 4% risk of failure)
Confirm with . or Enter, or press ? or * to list all spells.
You extend your transformation's duration.
The adder closely misses you. The adder bites you.
You tentacle-slap the adder. Your grab misses the adder.
You pierce the adder, but do no damage.
The adder is moderately wounded.
The adder closely misses you.
You closely miss the adder. You grab the adder.
The adder is moderately wounded.
You constrict the adder. The adder bites you but does no damage.
You barely miss the adder. Your squeeze misses the adder.
The adder is moderately wounded.
You constrict the adder. The adder bites you.
* * * LOW HITPOINT WARNING * * *
You barely miss the adder.
You pierce the adder.
The adder is almost dead.
You constrict the adder.
You kill the adder!
The shadow imp grinds its teeth.
You tentacle-slap the shadow imp. You grab the shadow imp.
The shadow imp is moderately wounded.
You constrict the shadow imp. The shadow imp hits you.
* * * LOW HITPOINT WARNING * * *
You tentacle-slap the shadow imp.
You tentacle-slap the shadow imp, but do no damage.
The shadow imp is almost dead.
You constrict the shadow imp.
You kill the shadow imp!
Your Unarmed Combat skill increases to level 7!
You closely miss the adder. You grab the adder. You constrict the adder.
The adder bites you.
* * * LOW HITPOINT WARNING * * *
You barely miss the adder.
You pierce the adder.
Your squeeze misses the adder.
The adder is heavily wounded.
You constrict the adder, but do no damage.
The adder misses you. The adder bites you.
You die...

▓.▓
▓.▓
▓.▓
▓'▓
▓)▓
▓)▓
▓.▓
▓.▓
▓@▓
▓S▓
▓S▓
▓.▓
▓.▓
▓.▓
▓.▓
▓+▓


You could see 2 adders.

Vanquished Creatures
  A phantom (D)
  An adder (D)
  A shadow imp (D)
  A giant cockroach (D)
  A goblin (D)
  A jackal (D)
  A kobold (D)
  A rat (D)
8 creatures vanquished.

Notes
Turn   | Place    | Note
-------+----------+-------------------------------------------
     0 | D        | rocky1 the Octopode Transmuter began the quest for the Orb.
     0 | D        | Reached XP level 1. HP: 13/13 MP: 3/3
    14 | D        | Reached skill level 4 in Unarmed Combat
   118 | D        | Noticed a phantom
   132 | D        | Killed a phantom
   133 | D        | Reached skill level 1 in Stealth
   133 | D        | Reached skill level 6 in Unarmed Combat
   133 | D        | Reached XP level 2. HP: 6/18 MP: 3/6
   133 | D        | Reached XP level 3. HP: 8/23 MP: 4/8
   133 | D        | Reached XP level 4. HP: 10/28 MP: 4/9
   140 | D        | Reached skill level 7 in Unarmed Combat
   141 | D        | Slain by an adder

Illustrated notes

Levels and vault maps discovered:
D:        linesprint [early_d, line_temple, items_1, d_10, items_2, lair_1,
          lair_end, items_3, orc_1, orc_end, items_4, d_15, swamp_1, shoals_1,
          snake_1, spider_1, d_20, vaults_1, items_5, swamp_end, shoals_end,
          snake_end, spider_end, vaults_end, d_27, items_6, zot_1, zot_end,
          crypt_end, forest_end, elf_end, slime_end, tomb_end, abyss_end,
          pan_hell_end]

Skill      XL: |  1  2  3  4 |
---------------+-------------+-----
Unarmed Combat | 6 7 |  7.0
Dodging        | 3 |  3.7
Stealth        | 1 |  1.1
Spellcasting   | 3 |  3.7
Transmutations | 3 |  3.8
Fighting       | |  1.0

Action                   |  1- 3 |  4- 6 || total
-------------------------+-------+-------++-------
Melee: Unarmed           |    19 |     8 ||    27
       Kick              |     5 |     3 ||     8
       Tentacles         |     3 |       ||     3
       Constrict         |     1 |     3 ||     4
       Punch             |       |     1 ||     1
 Cast: Beastly Appendage |     2 |     1 ||     3
  Use: Potion            |     1 |       ||     1
Armor: Skin              |       |     1 ||     1
Dodge: Dodged            |    11 |     3 ||    14

Table legend: (Time is in decaauts)
 A = Elapsed time spent in this place.
 B = Non-inter-level travel time spent in this place.
 C = Inter-level travel time spent in this place.
 D = Time resting spent in this place.
 E = Time spent auto-exploring this place.
 F = Levels seen in this place.
 G = Mean time per level.
                   A        B        C        D        E       F      G
               +--------+--------+--------+--------+--------+-----+--------+
         Total |    138 |    138 |      0 |    100 |      0 |   1 |  138.0 |
       Dungeon |    138 |    138 |      0 |    100 |      0 |   1 |  138.0 |
               +--------+--------+--------+--------+--------+-----+--------+

Top non-repeatable levels by time:
       D: 138 daAuts
